 Dungeon Crawl Stone Soup version 0.30-b1-2-g02819fbbbe (webtiles) character file.

Game seed: 9686162171780870750

349 LLlMATKO the Trooper (level 6, -7/56 HPs)
             Began as a Minotaur Berserker on Dec 6, 2023.
             Was a Believer of Trog.
             Mangled by a gnoll
             ... wielding a +0 spear
             ... led by a gnoll bouda
              (8 damage)
             ... on level 5 of the Dungeon.
             The game lasted 00:02:21 (3024 turns).

LLlMATKO the Trooper (Minotaur Berserker)           Turns: 3024, Time: 00:02:21

Health: -7/56      AC: 10    Str: 24    XL:     6   Next: 33%
Magic:  5/5        EV: 12    Int:  4    God:    Trog [**....]
Gold:   271        SH:  0    Dex:  9    Spells: 5/5 levels left

rFire   + . .        a - +0 hand axe
rCold   . . .        (no shield)
rNeg    . . .        r - +1 ring mail {rF+}
rPois   .            (helmet restricted)
rElec   .            (no cloak)
rCorr   .            y - +1 pair of gloves
SInv    .            b - +0 pair of boots
Will    .....        (no amulet) Stlth
                     (no ring)
HPRegen 0.29/turn    (no ring)
MPRegen 0.09/turn

%: no passive effects
@: on berserk cooldown, slowed, very slow
A: horns 2, retaliatory headbutt
a: Renounce Religion, Berserk, Trog's Hand


You were on level 5 of the Dungeon.
You worshipped Trog.
Trog was pleased with you.
You visited 1 branch of the dungeon, and saw 5 of its levels.

You collected 271 gold pieces.

Inventory:

Hand Weapons
 a - a +0 hand axe (weapon)
Missiles
 m - 3 throwing nets (quivered)
 t - 2 curare-tipped darts
 z - 4 poisoned darts
Armour
 b - a +0 pair of boots (worn)
 r - a +1 ring mail of fire resistance (worn)
 y - a +1 pair of gloves (worn)
Wands
 A - a wand of paralysis (3)
Scrolls
 c - a scroll of blinking {unknown}
 d - a scroll of fog {unknown}
 g - 7 scrolls of identify {unknown}
 k - 2 scrolls of teleportation {unknown}
 l - 2 scrolls of enchant armour {unknown}
 u - a scroll of summoning {unknown}
 w - a scroll of noise {unknown}
 x - a scroll of fear {unknown}
Potions
 e - 4 potions of heal wounds {unknown}
 f - 4 potions of curing {unknown}
 h - 2 potions of attraction {unknown}
 i - 3 potions of brilliance {unknown}
 j - a potion of mutation {unknown}
 n - a potion of haste {unknown}
 o - a potion of flight {unknown}
 p - a potion of berserk rage {unknown}
 q - a potion of lignification {unknown}
 s - a potion of ambrosia {unknown}
 v - 2 potions of might {unknown}


   Skills:
 + Level 5.3 Fighting
 + Level 5.3 Axes
 + Level 4.5 Armour
 + Level 4.0 Dodging


You had 5 spell levels left.
You didn't know any spells.
Your spell library was empty.

Dungeon Overview and Level Annotations

Branches:
Dungeon (5/15)
 Temple: D:4-7

Altars:

Shops:
D:1 (


Innate Abilities, Weirdness & Mutations

You have a pair of horns on your head.
You reflexively headbutt those who attack you in melee.


Message History

The gnoll bouda gazes fiercely through you!
You feel your attacks grow feeble.
The gnoll bouda hits you with a +0 whip.
* * * LOW HITPOINT WARNING * * *
You slash the ice beast! Your headbutt misses the ice beast.
The ice beast is almost dead.
You hit the gnoll bouda. The gnoll closely misses you.
Unknown command.
You barely miss the ice beast. Your headbutt misses the ice beast.
The ice beast is almost dead.
You hit the gnoll bouda.
The gnoll bouda hits you with a +0 whip.
* * * LOW HITPOINT WARNING * * *
The ice beast hits you.
* * * LOW HITPOINT WARNING * * *
The ice beast freezes you!
* * * LOW HITPOINT WARNING * * *
The gnoll hits you from afar with a +0 spear.
* * * LOW HITPOINT WARNING * * *
You slash the ice beast!
You kill the ice beast!
Trog accepts your kill.
You barely miss the gnoll bouda.
The gnoll bouda hits you but does no damage.
Your Dodging skill increases to level 4!
You have reached level 6!
Unknown command.
Unknown command.
You hit the gnoll bouda. You headbutt the gnoll bouda.
You kill the gnoll bouda!
Trog accepts your kill. The gnoll hits you but does no damage.
Unknown command.
Unknown command.
You are no longer berserk.
You are exhausted.
You feel yourself slow down.
Your attacks no longer feel as feeble.
The gnoll hits you with a +0 spear!
You die...

. .. ...##+######
...........# ...
......g....# ....
.......@)..####....
###....))..........
#.....)..........
#..............#
#..............#
#########...####
#.......##
#........###
#..........#


You could see a gnoll (swift).

Vanquished Creatures
  An ice beast (D:5)
  A gnoll bouda (D:5)
  An orc priest (D:3)
  Ijyb (D:4)
  Robin (D:2)
  4 gnolls (D:5)
  3 adders
  2 ufetubi (D:4)
  A worm (D:2)
  2 dart slugs
  5 orcs (D:3)
  5 ball pythons
  5 endoplasms
  4 giant cockroaches
  10 goblins
  4 hobgoblins
  7 jackals
  4 quokkas
  9 bats
  2 frilled lizards
  4 kobolds
  2 rats
78 creatures vanquished.

Notes
Turn   | Place    | Note
-------+----------+-------------------------------------------
     0 | D:1      | LLlMATKO the Minotaur Berserker began the quest for the
                  | Orb.
     0 | D:1      | Reached XP level 1. HP: 19/19 MP: 0/0
   122 | D:1      | Reached XP level 2. HP: 8/27 MP: 1/1
   199 | D:1      | Found Qohutt's Weapon Shoppe.
   807 | D:2      | Identified the +8 dagger "LLlMATKO's Foe" {elec, rC- Will+
                  | Str+4}
   897 | D:2      | Reached XP level 3. HP: 17/33 MP: 2/2
  1071 | D:2      | Reached ** piety under Trog
  1261 | D:2      | Noticed Robin
  1274 | D:2      | Killed Robin
  1275 | D:2      | Reached XP level 4. HP: 40/41 MP: 3/3
  2080 | D:3      | Reached XP level 5. HP: 47/47 MP: 4/4
  2953 | D:4      | Noticed Ijyb
  2961 | D:4      | Killed Ijyb
  2979 | D:5      | Entered Level 5 of the Dungeon
  3007 | D:5      | Noticed an ice beast
  3015 | D:5      | Reached skill level 5 in Fighting
  3015 | D:5      | Reached skill level 5 in Axes
  3021 | D:5      | HP: 2/72 [ice beast (9)]
  3022 | D:5      | Killed an ice beast
  3023 | D:5      | Reached XP level 6. HP: 1/56 MP: 5/5
  3024 | D:5      | Mangled by a gnoll

Illustrated notes

Levels and vault maps discovered:
D:1:      amcnicky_arrival_flooded_fountain, layout_loops_ring, serial_shops,
          nicolae_shop_tiny_waterfront
D:2:      layout_rooms, grunt_ministairs_14, minmay_randomly_rotated_circles,
          uniq_robin
D:3:      layout_loops_corners
D:4:      layout_rooms, uniq_ijyb
D:5:      layout_basic, temple_fountains, serial_shops, shop,
          palyth_stone_intersect, uniq_menkaure, uniq_grinder

Skill      XL: |  1  2  3  4  5 |
---------------+----------------+-----
Fighting       | 4 5 |  5.3
Axes           | 4 5 |  5.3
Armour         | 3 4 |  4.5
Dodging        | 3 4 |  4.0

Action                     |  1- 3 |  4- 6 || total
---------------------------+-------+-------++-------
  Melee: Hand axe          |    78 |    95 ||   173
         Headbutt          |     4 |    14 ||    18
         Punch             |     2 |     3 ||     5
 Invoke: Berserk           |     2 |     1 ||     3
 Armour: Animal skin       |    22 |       ||    22
         Ring mail         |       |    48 ||    48
  Dodge: Dodged            |    62 |    49 ||   111
